AoeStats
← Breakfast

Arabia

510556285Analyzed
1v1 RM · 1d ago on Oct 1, 2026· 48m 34s· 2 players
Game mode
Random Map
Map size
Tiny (2 player)
Population
200
Speed
Normal
Resources
Standard
Victory
Conquest
Starting age
Dark Age
Ending age
Imperial Age
RankedLock teamsTeams togetherTeam positionsShared explorationLock speedFull tech treeHidden civsTurbo modeCheats
Victory
Defeat
🇬🇧 Britons · United Kingdom
2005
+14
🇨🇳 Mapuche · China
1959
-14
只会打步弓
6:36 Loom
9:11 Feudal Age
11:10 Double-Bit Axe
13:01 Horse Collar
14:28 Fletching
21:10 Castle Age
19:52 Padded Archer Armor
21:01 Gold Mining
21:14 Elite Skirmisher
21:51 Bodkin Arrow
22:40 Bow Saw
31:26 Ballistics
38:16 Imperial Age
38:35 Leather Archer Armor
38:39 Malon
39:45 Conscription
41:11 Ring Archer Armor
42:30 Chemistry
43:42 Pikeman
45:21 Wheelbarrow
45:44 Scale Mail Armor
45:57 Forging
Breakfast
7:21 Loom
9:30 Feudal Age
9:49 Man-at-Arms
19:44 Castle Age
18:15 Fletching
18:49 Double-Bit Axe
18:51 Horse Collar
20:09 Padded Archer Armor
20:26 Bodkin Arrow
20:04 Crossbowman
22:18 Ballistics
22:24 Padded Archer Armor
31:05 Wheelbarrow
30:16 Town Watch
32:28 Gold Mining
32:39 Heavy Plow
32:50 Bow Saw
37:31 Imperial Age
36:56 Hand Cart
37:43 Leather Archer Armor
37:40 Masonry
38:24 Gold Shaft Mining
39:16 Chemistry
38:24 Bracer
38:26 Arbalester
41:34 Scale Barding Armor
42:22 Forging
41:55 Light Cavalry
42:36 Husbandry
43:37 Chain Barding Armor
44:38 Iron Casting
45:41 Conscription
47:09 Plate Barding Armor
Connection lost

Rejoining the realm…

Still unreachable

The connection could not be restored.

Session expired

The server has moved on; the page needs a fresh start.